 Dungeon Crawl Stone Soup version 0.27.0-1-g7a089689b8 (webtiles) character file.

Game seed: 12391714254095254212

483 ENSilLosco the Chopper (level 7, -5/61 HPs)
             Began as a Hill Orc Fighter on Aug 7, 2021.
             Was an Initiate of Makhleb.
             Slain by an ogre (10 damage)
             ... on level 5 of the Dungeon.
             The game lasted 00:16:57 (5685 turns).

ENSilLosco the Chopper (Hill Orc Fighter)           Turns: 5685, Time: 00:16:58

Health: -5/61      AC: 11    Str: 21    XL:     7   Next: 12%
Magic:  0/7        EV: 11    Int:  8    God:    Makhleb [......]
Gold:   203        SH:  0    Dex: 13    Spells: 6/6 levels left

rFire    + . .     SeeInvis .   g - +0 battleaxe
rCold    . . .     Faith    .   (shield currently unavailable)
rNeg     . . .     Spirit   +   F - +5 leather armour of Oppikarch {-Cast rF+ Dex+3}
rPois    .         Reflect  .   y - +2 helmet
rElec    .         Harm     .   (no cloak)
rCorr    .         Rampage  .   (no gloves)
Will     .....     NoCast   +   (no boots)
Stlth    +.........             p - amulet of guardian spirit
HPRegen  0.20/turn              (no ring)
MPRegen  0.10/turn              (no ring)

@: mighty
A: no striking features
a: Renounce Religion


You were on level 5 of the Dungeon.
You worshipped Makhleb.
Makhleb was noncommittal.
You visited 1 branch of the dungeon, and saw 5 of its levels.

You collected 203 gold pieces.

Inventory:

Hand Weapons
 a - a +0 war axe
 g - a +0 battleaxe (weapon)
 h - a +0 hand axe
 o - a +1 short sword of distortion
 z - a +0 whip
 B - the +7 dagger of Byera {vorpal, rCorr}
   (You found it on level 4 of the Dungeon)

   It inflicts extra damage upon your enemies.
   rCorr:     It protects you from acid and corrosion.
Armour
 b - a +0 scale mail
 c - a +0 kite shield
 f - a +0 hat of see invisible
 q - a +2 scale mail of poison resistance
 w - a +0 chain mail
 y - a +2 helmet (worn)
 A - a +0 robe
 F - the +5 leather armour of Oppikarch (worn) {-Cast rF+ Dex+3}
   (You found it on level 5 of the Dungeon)

   Dex:       It affects your dexterity (+3).
   rF:        It protects you from fire.
   -Cast:     It prevents spellcasting.
Jewellery
 p - an amulet of guardian spirit (around neck)
 r - a ring of wizardry
Scrolls
 i - 2 scrolls of fear {unknown}
 j - 2 scrolls of teleportation {unknown}
 l - 4 scrolls of identify {unknown}
 s - 2 scrolls of blinking {unknown}
 u - a scroll of torment {unknown}
 v - 2 scrolls of noise {unknown}
 C - a scroll of fog {unknown}
 D - a scroll of vulnerability {unknown}
 E - a scroll of acquirement {unknown}
 G - a scroll of immolation {unknown}
Potions
 e - 3 potions of curing {unknown}
 k - 2 potions of brilliance {unknown}
 m - a potion of heal wounds {unknown}
 n - 2 potions of haste {unknown}
 t - a potion of flight {unknown}
 x - a potion of attraction {unknown}


   Skills:
 + Level 5.0 Fighting
 * Level 7.2 Axes
 + Level 4.9 Armour
 * Level 1.5 Dodging
 - Level 3.2 Shields


You had 6 spell levels left.
You didn't know any spells.
Your spell library contained the following spells:

 Spells                   Type           Power      Damage    Failure   Level
 Animate Skeleton         Necr           0%         N/A       45%         1
 Pain                     Necr           0%         1d4       45%         1
 Gell's Gravitas          Tloc           0%         N/A       83%         3
 Ignite Poison            Fire/Tmut/Pois 0%         N/A       83%         3
 Mephitic Cloud           Conj/Pois/Air  0%         N/A       83%         3
 Teleport Other           Tloc           0%         N/A       83%         3
 Vampiric Draining        Necr           0%         2d6       83%         3
 Bolt of Magma            Conj/Fire/Erth 0%         4d4       100%        5
 Dispersal                Tloc           0%         N/A       100%        6


Dungeon Overview and Level Annotations

Branches:
Dungeon (5/15)
 Temple: D:4-7

Altars:
Ashenzari
Dithmenos
Kikubaaqudgha
Makhleb
Xom
The Shining One


Message History

You barely miss the ogre.
The ogre hits you with a +0 giant club!!
The iguana bites you. The iguana barely misses you.
You slice the iguana!!
You kill the iguana!
Makhleb accepts your kill.
You hit the ogre. The ogre closely misses you.
You slash the ogre!
The ogre is severely wounded.
The ogre hits you with a +0 giant club! The ogre barely misses you.
You are too injured to fight recklessly!
Unknown command.
You barely miss the ogre.
The ogre is severely wounded.
You completely miss the ogre. The ogre hits you with a +0 giant club.
The ogre hits you but does no damage.
You hit the ogre but do no damage.
The ogre is severely wounded.
You slash the ogre! The ogre barely misses you. The ogre closely misses you.
You barely miss the ogre.
The ogre is severely wounded.
You hit the ogre. The ogre hits you with a +0 giant club!
* * * LOW HITPOINT WARNING * * *
The ogre barely misses you.
Unknown command.
You slice the ogre!!
You kill the ogre!
Makhleb accepts your kill.
You barely miss the ogre. The ogre hits you with a +0 giant club!
* * * LOW HITPOINT WARNING * * *
Your Fighting skill increases to level 5!
Your Axes skill increases to level 7!
You have reached level 7!
You feel very mighty all of a sudden. The ogre hits you but does no damage.
You closely miss the ogre.
The ogre is heavily wounded.
The ogre hits you with a +0 giant club!
You die...

###...#######. #########
#...# #. #.......# #...#
#. #.......# #...# #.
#.......# #...# #.
#.......# #...# #.
#.?.....# #...# #.
#......†#######...#######.
(......)O@................
........#######...#######.
........# ##### ##
.########


You could see an ogre.

Vanquished Creatures
  An ogre (D:5)
  A vampire bat (D:4)
  A jelly (D:5)
  2 hounds
  3 iguanas
  Natasha (D:2)
  A hound zombie (D:5)
  8 adders
  A white imp (D:5)
  A worm (D:2)
  A dart slug (D:2)
  3 orcs
  8 bats
  2 bat skeletons (D:4)
  3 bat zombies (D:4)
  4 endoplasms
  2 giant cockroaches
  4 goblins
  4 hobgoblins
  3 jackals (D:4)
  4 kobolds
  3 quokkas
  7 ball pythons
  5 frilled lizards
  8 rats
81 creatures vanquished.

Vanquished Creatures (others)
  20 plants (D:4)
20 creatures vanquished.

Grand Total: 101 creatures vanquished

Notes
Turn   | Place    | Note
-------+----------+-------------------------------------------
     0 | D:1      | ENSilLosco the Hill Orc Fighter began the quest for the
                  | Orb.
     0 | D:1      | Reached XP level 1. HP: 19/19 MP: 1/1
   220 | D:1      | Reached skill level 3 in Axes
   220 | D:1      | Reached XP level 2. HP: 23/27 MP: 2/2
   372 | D:1      | Found a faded altar of an unknown god.
  1138 | D:2      | Reached XP level 3. HP: 22/33 MP: 3/3
  1455 | D:2      | Reached skill level 4 in Axes
  2113 | D:2      | Reached XP level 4. HP: 31/40 MP: 4/4
  2335 | D:2      | Reached skill level 1 in Dodging
  2357 | D:2      | Noticed Natasha
  2360 | D:2      | Killed Natasha
  2361 | D:2      | Reached XP level 5. HP: 47/47 MP: 5/5
  2644 | D:3      | Found a shimmering altar of Xom.
  2685 | D:3      | Reached skill level 5 in Axes
  3475 | D:3      | Found a burning altar of Makhleb.
  3533 | D:3      | Found a glowing golden altar of the Shining One.
  3581 | D:3      | Became a worshipper of Makhleb the Destroyer
  4029 | D:4      | Found a broken altar of Ashenzari.
  4094 | D:4      | Found an ancient bone altar of Kikubaaqudgha.
  4120 | D:4      | Reached skill level 6 in Axes
  4120 | D:4      | Reached XP level 6. HP: 46/53 MP: 6/6
  4513 | D:4      | Identified the +7 dagger of Byera {vorpal, rCorr}
  5135 | D:5      | Entered Level 5 of the Dungeon
  5381 | D:5      | Found a shadowy altar of Dithmenos.
  5387 | D:5      | Identified the +5 leather armour of Oppikarch {-Cast rF+
                  | Dex+3}
  5683 | D:5      | Reached skill level 5 in Fighting
  5683 | D:5      | Reached skill level 7 in Axes
  5683 | D:5      | Reached XP level 7. HP: 4/61 MP: 0/7
  5685 | D:5      | Slain by an ogre

Illustrated notes

Levels and vault maps discovered:
D:1:      sevenhm_arrival_forest_fort_large_2, layout_basic,
          hellmonk_ecumenical_altar_lost_god
D:2:      layout_basic, minivault_4, uniq_natasha
D:3:      layout_basic, old_standard_altar, bloody_makhleb,
          nicolae_overflow_crystal_walls
D:4:      layout_basic, mainiacjoe_overflow_cross_hatched,
          kennysheep_vampire_church, chequers_serial_rivers_room_b,
          nicolae_underground_beach
D:5:      layout_basic, mainiacjoe_overflow_six_doors_small,
          kennysheep_little_box

Skill      XL: |  1  2  3  4  5  6 |
---------------+-------------------+-----
Axes           | 3 4 6 7 |  7.2
Fighting       | 4 5 |  5.0
Armour         | 4 |  4.9
Dodging        | 1 |  1.5
Shields        | |  3.2

Action                   |  1- 3 |  4- 6 |  7- 9 || total
-------------------------+-------+-------+-------++-------
Melee: War axe           |     6 |       |       ||     6
       Battleaxe         |   110 |   187 |     1 ||   298
  Use: Potion            |       |       |     1 ||     1
Armor: Scale mail        |   108 |    42 |       ||   150
       Chain mail        |       |    87 |       ||    87
       Leather armour    |       |     6 |     1 ||     7
Dodge: Dodged            |    78 |   131 |       ||   209
Block: Kite shield       |     6 |       |       ||     6
